 Dungeon Crawl Stone Soup version 0.26.1-11-gd32895ea62 (webtiles) character file.

Game seed: 11048203025042826069

51 Zeld the Chopper (level 3, -10/34 HPs)
             Began as a Minotaur Berserker on Sept 1, 2021.
             Was a Believer of Trog.
             Mangled by a gnoll
             ... wielding a +0 flail
              (15 damage)
             ... on level 1 of the Dungeon.
             The game lasted 00:02:59 (1922 turns).

Zeld the Chopper (Minotaur Berserker)               Turns: 1922, Time: 00:03:00

Health: -10/34     AC:  3    Str: 22    XL:     3   Next: 58%
Magic:  2/2        EV: 12    Int:  4    God:    Trog [**....]
Gold:   51         SH:  0    Dex:  9    Spells: 2/2 levels left

rFire    . . .     SeeInvis .   a - +0 hand axe
rCold    . . .     Faith    .   (no shield)
rNeg     . . .     Spirit   .   b - +0 animal skin
rPois    .         Reflect  .   h - +0 hat
rElec    .         Harm     .   g - +0 cloak
rCorr    .         Rampage  .   (no gloves)
Will     .....                  (no boots)
Stlth    +.........             (no amulet)
HPRegen  0.11/turn              (no ring)
MPRegen  0.08/turn              (no ring)

@: no status effects
A: retaliatory headbutt, horns 2
a: Renounce Religion, Berserk, Trog's Hand


You were on level 1 of the Dungeon.
You worshipped Trog.
Trog was pleased with you.
You visited 1 branch of the dungeon, and saw 2 of its levels.

You collected 51 gold pieces.

Inventory:

Hand Weapons
 a - a +0 hand axe (weapon)
Armour
 b - a +0 animal skin (worn)
 g - a +0 cloak (worn)
 h - a +0 hat (worn)
Jewellery
 p - a cursed ring of attention {unknown}
Wands
 o - a wand of enslavement (6)
Scrolls
 c - 2 scrolls of remove curse {unknown}
 e - 2 scrolls of teleportation {unknown}
 l - a scroll of identify {unknown}
 n - a scroll of magic mapping {unknown}
 q - a scroll of amnesia {unknown}
Potions
 d - a potion of mutation {unknown}
 f - a potion of heal wounds {unknown}
 i - a potion of magic {unknown}
 j - a potion of curing {unknown}
 k - a potion of resistance {unknown}
 m - 2 potions of haste {unknown}


   Skills:
 * Level 4.4 Fighting
 * Level 4.4 Axes
 + Level 3.0 Armour
 + Level 2.6 Dodging


You had 2 spell levels left.
You didn't know any spells.
Your spell library was empty.

Dungeon Overview and Level Annotations

Branches:
Dungeon (2/15)

Altars:


Innate Abilities, Weirdness & Mutations

You reflexively headbutt those who attack you in melee.
You have a pair of horns on your head.


Message History

The stone barely misses the gnoll.
The gnoll hits you but does no damage. The gnoll closely misses you.
The kobold throws a stone.
The stone hits you but does no damage. The gnoll hits you with a +0 whip!
There is a stone staircase leading up, spattered with blood here.
You see here a stone.
The gnoll hits you with a +3 flail! The gnoll hits you with a +0 flail!
* * * LOW HITPOINT WARNING * * *
The gnoll barely misses you.
You climb upwards.
There is a stone staircase leading down here.
Unknown command.
The gnoll barely misses you.
You see here a +0 club.
The gnoll hits you with a +0 flail.
* * * LOW HITPOINT WARNING * * *
Unknown command.
You see here a +0 short sword.
You see here 14 poisoned darts.
The gnoll hits you with a +0 flail!
You die...

#...[.....##..........#
####................######
####...................#
............###......#.##
.#..........##.......#..#
.#..........##..####.##.##
............)))......##..#
.#...............^.#####.#
..............gg@...# #.#
##.............g....# #.#
##..................# #.#
.........(.........## #.###
......).......#...## #...#
..#####........#.#########.#
#.## #..........# #....##.#
#..# #...#.....####....##.#
##.# ##...####.(........##.#


You could see 3 gnolls.

Vanquished Creatures
  A worm (D:2)
  2 dart slugs (D:2)
  2 leopard geckos
  7 bats
  3 giant cockroaches
  7 goblins
  3 hobgoblins
  4 jackals (D:2)
  A frilled lizard (D:1)
  4 kobolds
  6 rats
40 creatures vanquished.

Notes
Turn   | Place    | Note
-------+----------+-------------------------------------------
     0 | D:1      | Zeld the Minotaur Berserker began the quest for the Orb.
     0 | D:1      | Reached XP level 1. HP: 19/19 MP: 0/0
   198 | D:1      | Reached XP level 2. HP: 25/27 MP: 1/1
   713 | D:2      | Reached ** piety under Trog
   840 | D:2      | Reached XP level 3. HP: 32/33 MP: 2/2
  1922 | D:1      | Mangled by a gnoll

Illustrated notes

Levels and vault maps discovered:
D:1:      lemuel_arrival_river_ford, layout_rooms
D:2:      layout_rooms, minmay_pentomino_o2

Skill      XL: |  1  2  3 |
---------------+----------+-----
Axes           | 4 |  4.4
Fighting       | 4 |  4.4
Armour         | 3 |  3.0
Dodging        | |  2.6

Action                   || total
-------------------------++-------
Melee: Hand axe          ||    89
       Headbutt          ||    14
Invok: Berserk           ||     1
Armor: Animal skin       ||    28
Dodge: Dodged            ||    85
